 Dungeon Crawl Stone Soup version 0.27-a0-1036-g8e1b44f6bd (webtiles) character file.

Game seed: 6846475847462617439

144 voltaire321 the Magician (level 5, 0/28 (34) HPs)
             Began as an Octopode Hedge Wizard on Apr 18, 2021.
             Slain by Duvessa
             ... wielding a +2 short sword of draining
              (1 damage)
             ... on level 4 of the Dungeon.
             The game lasted 00:12:11 (3635 turns).

voltaire321 the Magician (Octopode Hedge Wizard)    Turns: 3635, Time: 00:12:12

HP:   0/28 (34)     AC:  8    Str:  9    XL:     5   Next: 27%
MP:   7/10          EV: 13    Int: 18    God:
Gold: 177           SH:  0    Dex: 11    Spells: 2/10 levels left

rFire    . . .     SeeInvis .   k - +1 dagger (protect)
rCold    . . .     Faith    .   (no shield)
rNeg     . . .     Spirit   .   b - +0 hat
rPois    .         Reflect  .   n - amulet of the acrobat
rElec    .         Harm     .   (no ring)
rCorr    .         Rampage  .   (no ring)
Will     .....                  (no ring)
Stlth    +++.......             (no ring)
HPRegen  0.09/turn              (no ring)
MPRegen  0.12/turn              (no ring)
                                (no ring)
                                (no ring)

@: under a protective aura, heavily drained
A: almost no armour, amphibious, 8 rings, camouflage 1, gelatinous body 1,
(nimble swimmer 1), tentacles
a: no special abilities


You were on level 4 of the Dungeon.
You visited 1 branch of the dungeon, and saw 4 of its levels.

You collected 177 gold pieces.

Inventory:

Hand Weapons
 k - a +1 dagger of protection (weapon)
Armour
 b - a +0 hat (worn)
Jewellery
 n - an amulet of the acrobat (around mantle)
Wands
 m - a wand of paralysis (9)
Scrolls
 c - 2 scrolls of identify {unknown}
 d - a scroll of fear {unknown}
 e - 2 scrolls of summoning {unknown}
 g - a scroll of magic mapping {unknown}
 j - a scroll of enchant weapon {unknown}
 l - a scroll of amnesia {unknown}
Potions
 a - a potion of might {unknown}
 f - a potion of lignification {unknown}
 h - a potion of flight {unknown}
 i - a potion of berserk rage {unknown}


   Skills:
 + Level 1.8 Fighting
 + Level 2.7 Dodging
 - Level 2.6 Stealth
 + Level 3.4 Spellcasting
 + Level 1.9 Conjurations
 + Level 1.0 Hexes
 + Level 1.8 Summonings
 + Level 2.0 Translocations


You had 2 spell levels left.
You knew the following spells:

 Your Spells              Type           Power      Damage    Failure   Level
a - Magic Dart            Conj           40%        1d5       7%          1
b - Call Imp              Summ           9%         N/A       11%         2
c - Dazzling Flash        Conj/Hex       16%        N/A       26%         3
d - Blink                 Tloc           N/A        N/A       11%         2

Your spell library contained the following spells:

 Spells                   Type           Power      Damage    Failure   Level
 Corona                   Hex            7%         N/A       10%         1
 Slow                     Hex            7%         N/A       16%         2
 Ensorcelled Hibernation  Hex/Ice        10%        N/A       19%         2
 Confusing Touch          Hex            7%         N/A       30%         3
 Conjure Flame            Conj/Fire      6%         6-21      30%         3
 Tukima's Dance           Hex            7%         N/A       30%         3
 Mephitic Cloud           Conj/Pois/Air  5%         N/A       34%         3


Dungeon Overview and Level Annotations

Branches:
Dungeon (4/15)
 Temple: D:4-7

Altars:
Gozag
Zin

Shops:
D:1 (   D:3 *

Annotations:
D:3 1 runed translucent door, Crazy Yiuf
D:4 Dowan, Duvessa


Innate Abilities, Weirdness & Mutations

You cannot wear most types of armour.
You are amphibious.
You can wear up to eight rings at the same time.
Your skin changes colour to match your surroundings (Stealth+).
Your rubbery body absorbs attacks. (AC +1, EV +1)
((You are camouflaged near water. (Stealth+)))
You have tentacles for arms and can constrict up to eight enemies at once.


Message History

Duvessa is severely wounded.
You constrict Duvessa, but do no damage.
Your crimson imp hits Duvessa but does no damage.
Duvessa hits you with a +2 short sword of draining.
You feel drained.
You hit Duvessa but do no damage. You squeeze Duvessa, but do no damage.
Duvessa is severely wounded.
You constrict Duvessa, but do no damage.
Your crimson imp hits Duvessa but does no damage.
Duvessa closely misses you.
You hit Duvessa but do no damage.
Duvessa is severely wounded.
You constrict Duvessa.
Your crimson imp hits Duvessa but does no damage.
Duvessa completely misses your crimson imp.
You barely miss Duvessa.
Duvessa is almost dead.
You constrict Duvessa.
Your crimson imp blinks!
Duvessa hits you with a +2 short sword of draining!
You feel drained.
You hit Duvessa but do no damage.
Duvessa is almost dead.
You constrict Duvessa, but do no damage.
Duvessa hits you with a +2 short sword of draining!
You feel drained.
You hit Duvessa but do no damage.
Duvessa is almost dead.
You constrict Duvessa, but do no damage.
Duvessa hits you with a +2 short sword of draining.
* * * LOW HITPOINT WARNING * * *
You feel drained.
* * * LOW HITPOINT WARNING * * *
You hit Duvessa but do no damage.
Duvessa is almost dead.
You constrict Duvessa. Dowan closely misses you.
Duvessa hits you with a +2 short sword of draining.
* * * LOW HITPOINT WARNING * * *
You feel drained.
You die...

...# ...# #. ######.. ...#
##.######.#....# ...#
#....#....+....# ...#
.(..#....#....# ...###### #.5
#...#....#######
........#..###..##...##....#..##.
#'#.....#......ee.....#....#..#..
..#.....#.......@.....'....#.†#..
..+.....############+##....#..##'
###.....# #..........#..#..
........# #....>.....#..#..
........# #..........#..#..
........# #..........#..#..
........# #..........#..#..
###.....#########..........#..'..
#........................'..#..


You could see Duvessa (ally target), Dowan and a friendly crimson imp
(summoned).

Vanquished Creatures
  Natasha (D:4)
  Robin (D:3)
  2 adders
  An adder skeleton (D:4)
  2 worms (D:2)
  A dart slug (D:3)
  6 bats
  3 endoplasms
  2 giant cockroaches (D:1)
  8 goblins
  8 hobgoblins
  5 jackals
  2 kobolds
  2 quokkas
  9 ball pythons
  6 frilled lizards
  A rat (D:3)
60 creatures vanquished.

Vanquished Creatures (collateral kills)
  A hound (D:4)
  A hobgoblin (D:3)
  5 goblins (D:3)
7 creatures vanquished.

Vanquished Creatures (others)
  2 demonic plants (D:3)
  A plant (D:3)
3 creatures vanquished.

Grand Total: 70 creatures vanquished

Notes
Turn   | Place    | Note
-------+----------+-------------------------------------------
     0 | D:1      | voltaire321 the Octopode Hedge Wizard began the quest for
                  | the Orb.
     0 | D:1      | Reached XP level 1. HP: 11/11 MP: 4/4
   143 | D:1      | Reached XP level 2. HP: 10/18 MP: 1/6
   376 | D:1      | Found Jemaur's Antique Weapon Shop.
   539 | D:1      | You fall into a shaft and drop 1 floor!
   937 | D:1      | Reached XP level 3. HP: 22/22 MP: 4/7
  1064 | D:2      | Reached skill level 1 in Fighting
  1139 | D:2      | Learned a level 2 spell: Call Imp
  1615 | D:2      | Learned a level 3 spell: Dazzling Flash
  1833 | D:2      | Found an opulent altar of Gozag.
  2247 | D:3      | Reached XP level 4. HP: 25/28 MP: 2/8
  2280 | D:3      | Learned a level 2 spell: Blink
  2352 | D:3      | Noticed Robin
  2408 | D:3      | Killed Robin
  2658 | D:3      | Found a runed translucent door.
  2659 | D:3      | Noticed Crazy Yiuf
  2743 | D:3      | Found Zin's Purification Station.
  2748 | D:3      | Found a glowing silver altar of Zin.
  2787 | D:3      | Found a faded altar of an unknown god.
  3380 | D:4      | Reached XP level 5. HP: 34/34 MP: 2/10
  3449 | D:4      | Noticed Natasha
  3460 | D:4      | Killed Natasha
  3461 | D:4      | Reached skill level 1 in Hexes
  3618 | D:4      | Noticed Dowan
  3622 | D:4      | Noticed Duvessa
  3635 | D:4      | HP: 1/29 [Duvessa/+2 short sword of draining (3)]
  3635 | D:4      | Slain by Duvessa

Illustrated notes

Levels and vault maps discovered:
D:1:      pf_arrival_petrified_forest, layout_rooms, serial_shops, shop_statue,
          hex_intersection
D:2:      layout_loops_cross, basic_altar, dk_vineyard_2
D:3:      layout_rooms, zin_purify, shapermc_ecumenical_altar_gd,
          minmay_misc_feat_rugged, minmay_crystal_water,
          uniq_crazy_yiuf_cottage, uniq_robin
D:4:      layout_gridville, uniq_natasha, uniq_duvessa, uniq_edmund

Skill      XL: |  1  2  3  4  5 |
---------------+----------------+-----
Fighting       | 1 |  1.8
Hexes          | 1 |  1.0
Translocations | 2 |  2.0
Dodging        | |  2.7
Stealth        | |  2.6
Spellcasting   | |  3.4
Conjurations   | |  1.9
Summonings     | |  1.8

Action                   |  1- 3 |  4- 6 || total
-------------------------+-------+-------++-------
Melee: Dagger            |    45 |    68 ||   113
       Tentacles         |     9 |     6 ||    15
       Constrict         |     9 |    14 ||    23
 Cast: Magic Dart        |    60 |    12 ||    72
       Call Imp          |       |     9 ||     9
 Stab: Sleeping          |     5 |     6 ||    11
       Distracted        |       |     1 ||     1
Armor: Skin              |     5 |    11 ||    16
Dodge: Dodged            |    23 |    42 ||    65

Table legend: (Time is in decaauts)
 A = Elapsed time spent in this place.
 B = Non-inter-level travel time spent in this place.
 C = Inter-level travel time spent in this place.
 D = Time resting spent in this place.
 E = Time spent auto-exploring this place.
 F = Levels seen in this place.
 G = Mean time per level.
                   A        B        C        D        E       F      G
               +--------+--------+--------+--------+--------+-----+--------+
         Total |   3634 |   3549 |     85 |   1284 |   1735 |   4 |  908.5 |
       Dungeon |   3634 |   3549 |     85 |   1284 |   1735 |   4 |  908.5 |
               +--------+--------+--------+--------+--------+-----+--------+

Top non-repeatable levels by time:
     D:2: 1169 daAuts
     D:1: 986 daAuts
     D:3: 900 daAuts
     D:4: 578 daAuts
